 Dungeon Crawl Stone Soup version 0.27-a0-1595-g0b823d0a13 (webtiles) character file.

Game seed: 14618001747852399523

113642 sizableburger the Spear-Bearer (level 16, -1/124 HPs)
             Began as a Mummy Fighter on July 10, 2021.
             Was the Champion of Makhleb.
             Slain by a salamander (12 damage)
             ... on level 2 of the Snake Pit on July 20, 2021.
             The game lasted 01:13:50 (30266 turns).

sizableburger the Spear-Bearer (Mummy Fighter)     Turns: 30266, Time: 01:13:50

Health: -1/124     AC: 30    Str: 28    XL:     16   Next: 14%
Magic:  32/32      EV:  9    Int:  9    God:    Makhleb [******]
Gold:   633        SH:  0    Dex: 12    Spells: 27/39 levels left

rFire    . . .     SeeInvis .   Q - +3 halberd (freeze)
rCold    + . .     Faith    .   (shield currently unavailable)
rNeg     + + +     Spirit   .   r - +3 storm dragon scales
rPois    ∞         Reflect  .   b - +2 helmet
rElec    +         Harm     .   y - +2 cloak {Will+}
rCorr    .         Rampage  +   k - +2 pair of gloves
Will     +++..                  D - +2 pair of boots {rampage}
Stlth    ..........             K - amulet of regeneration
HPRegen  1.30/turn              R - ring "Koasad" {rF+ Str+4}
MPRegen  0.23/turn              e - +4 ring of slaying

@: studying Fire Magic
A: cold resistance 1, negative energy resistance 3, torment resistance 2, heat
vulnerability 1, in touch with death 1, no potions
a: Renounce Religion, Minor Destruction, Lesser Servant of Makhleb, Major
Destruction, Greater Servant of Makhleb


You were on level 2 of the Snake Pit.
You worshipped Makhleb.
Makhleb was exalted by your worship.
You visited 4 branches of the dungeon, and saw 24 of its levels.
You also visited: Ossuary and Bailey.

You collected 1847 gold pieces.
You spent 1214 gold pieces at shops.

Inventory:

Hand Weapons
 t - a +0 shortbow
 H - a +2 trident of pain
 Q - a +3 halberd of freezing (weapon)
Missiles
 c - 5 boomerangs of dispersal
 s - 4 javelins (quivered)
 u - 284 arrows
 A - 10 throwing nets
 L - 8 atropa-tipped darts
Armour
 b - a +2 helmet (worn)
 k - a +2 pair of gloves (worn)
 r - +3 storm dragon scales (worn)
 y - a +2 cloak of willpower (worn)
 D - a +2 pair of boots of rampaging (worn)
Jewellery
 e - a +4 ring of slaying (right hand)
 f - a +4 ring of protection
 i - a ring of wizardry
 z - a +4 ring of protection
 B - a +6 ring of intelligence
 C - a +6 ring of intelligence
 I - a ring of protection from cold
 K - an amulet of regeneration (around neck)
 M - a ring of wizardry
 N - an amulet of the acrobat
 R - the ring "Koasad" (left hand) {rF+ Str+4}
   (You bought it in a shop on level 1 of the Orcish Mines)

   [ring of protection from fire]

   Str:       It affects your strength (+4).
   rF:        It protects you from fire.
Wands
 a - a wand of digging (6)
 m - a wand of flame (17)
 q - a wand of polymorph (5)
 w - a wand of iceblast (34)
 G - a wand of acid (8)
 J - a wand of paralysis (4)
Scrolls
 d - a scroll of holy word
 g - 3 scrolls of fog
 h - 4 scrolls of magic mapping
 j - 2 scrolls of brand weapon
 l - 4 scrolls of immolation
 n - 2 scrolls of vulnerability
 p - 5 scrolls of teleportation
 v - 5 scrolls of identify
 x - 5 scrolls of amnesia
 F - a scroll of enchant weapon
Miscellaneous
 o - a lightning rod (4/4)
 E - a box of beasts
 O - a phial of floods
 P - a phantom mirror


   Skills:
 - Level 10.8 Fighting
 + Level 14.1 Polearms
 - Level 1.2 Bows
 - Level 0.7 Throwing
 - Level 8.0 Armour
 + Level 2.3 Dodging
 - Level 7.1 Shields
 + Level 12.3 Spellcasting
 - Level 9.5 Necromancy
 - Level 4.1 Fire Magic
 + Level 5.1 Earth Magic
 - Level 6.0 Invocations
 - Level 5.6 Evocations


You had 27 spell levels left.
You knew the following spells:

 Your Spells              Type           Power      Damage    Failure   Level
a - Vampiric Draining     Necr           17%        2d8       3%          3
b - Borgnjor's Vile Clut  Necr/Erth      14%        N/A       58%         5
c - Animate Dead          Necr           17%        N/A       11%         4

Your spell library contained the following spells:

 Spells                   Type           Power      Damage    Failure   Level
 Animate Skeleton         Necr           68%        N/A       1%          1
 Pain                     Necr           100%       1d9       1%          1
 Corona                   Hex            5%         N/A       47%         1
 Magic Dart               Conj           20%        1d4       47%         1
 Stone Arrow              Conj/Erth      20%        3d8       50%         3
 Conjure Flame            Conj/Fire      9%         6-21      56%         3
 Blink                    Tloc           N/A        N/A       63%         2
 Ensorcelled Hibernation  Hex/Ice        10%        N/A       63%         2
 Searing Ray              Conj           10%        3d3       63%         2
 Slow                     Hex            5%         N/A       63%         2
 Ignite Poison            Fire/Tmut/Pois 8%         N/A       67%         3
 Confusing Touch          Hex            5%         N/A       85%         3
 Frozen Ramparts          Ice            10%        1d3       85%         3
 Tukima's Dance           Hex            5%         N/A       85%         3
 Animate Armour           Summ/Erth      20%        N/A       88%         4
 Sticky Flame             Conj/Fire      9%         2d3       93%         4
 Fulminant Prism          Conj/Hex       2%         3d6       99%         4
 Summon Ice Beast         Ice/Summ       5%         N/A       99%         4
 Bolt of Magma            Conj/Fire/Erth 5%         4d5       99%         5
 Alistair's Intoxication  Tmut/Pois      3%         N/A       100%        5
 Eringya's Noxious Bog    Tmut/Pois      2%         N/A       100%        6
 Iron Shot                Conj/Erth      5%         9d2       100%        6
 Haunt                    Necr/Summ      10%        N/A       100%        7
 Malign Gateway           Summ/Tloc      2%         N/A       100%        7
 Infestation              Necr           17%        N/A       100%        8
 Polar Vortex             Ice            2%         N/A       100%        9
 Shatter                  Erth           7%         3d9*      100%        9
 Ice Form                 Ice/Tmut       Unusable   N/A       N/A         4
 Blade Hands              Tmut           Unusable   N/A       N/A         5

Dungeon Overview and Level Annotations

Branches:
Dungeon (14/15)            Temple (0/1) D:7            Lair (6/6) D:10
 Shoals (0/4) Lair:2        Snake (2/4) Lair:4        Slime (0/5) Lair:5
    Orc (2/2) D:11            Elf (0/3) Orc:2       Ossuary (visited)
 Bailey (visited)
 Vaults: D:13-14

Altars:
Ashenzari
Gozag
Hepliaklqana
Kikubaaqudgha
Makhleb
Okawaru
Qazlal
Sif Muna
Trog
Uskayaw
Xom
The Shining One
Beogh
Jiyva

Shops:
Orc:1 =   Orc:2 ??*:   Snake:1 [

Annotations:
Lair:5 exclusion: oklob plant


Innate Abilities, Weirdness & Mutations

You are immune to poison.
Your flesh is cold resistant. (rC+)
You are immune to negative energy. (rN+++)
You are immune to unholy pain and torment.
You are vulnerable to heat. (rF-)
You are in touch with the powers of death.
You do not drink.


Message History

The salamander is severely wounded.
The salamander hits you with a +0 halberd!
You are engulfed in flames!
You barely miss the salamander.
The salamander is severely wounded.
The salamander hits you from afar with a +4 halberd!
You are engulfed in flames!
* * * LOW HITPOINT WARNING * * *
The salamander hits you with a +0 halberd.
* * * LOW HITPOINT WARNING * * *
You are engulfed in flames!
* * * LOW HITPOINT WARNING * * *
The salamander hits you but does no damage.
Okay, then.
The salamander hits you but does no damage.
A salamander comes into view.
The salamander wields a +0 shortbow of flaming.
It bursts into flame!
The salamander shoots an arrow.
The arrow hits you but does no damage.
The salamander shoots an arrow.
The arrow closely misses you.
The salamander shoots an arrow.
The arrow hits you.
* * * LOW HITPOINT WARNING * * *
The arrow burns you.
* * * LOW HITPOINT WARNING * * *
The salamander hits you from afar with a +4 halberd.
* * * LOW HITPOINT WARNING * * *
You are engulfed in flames!
* * * LOW HITPOINT WARNING * * *
The salamander shoots an arrow.
The arrow hits you but does no damage.
Okay, then.
Okay, then.
Okay, then.
The salamander shoots an arrow.
The arrow hits you!
* * * LOW HITPOINT WARNING * * *
The arrow burns you.
* * * LOW HITPOINT WARNING * * *
The salamander hits you with a +4 halberd.
* * * LOW HITPOINT WARNING * * *
You are engulfed in flames!
You die...

# ## #..###.####
#......#..# #...@..##
#...#N..# #...#.N.#
#..####.####
...##.......#######
#####........#...<.##
..........N#......#.
##................#.
.........##N#.....#.#


You could see 3 salamanders.

Vanquished Creatures
  Kirke (Lair:6)
  A salamander tyrant (Snake:1)
  2 ogre magi (Orc:2)
  4 anacondas (Snake:1)
  16 hydras
  A naga warrior (Snake:1)
  2 boulder beetles
  2 catoblepae (Lair:4)
  6 death yaks (Lair:4)
  A death knight (D:14)
  11 two-headed ogres
  A shock serpent (Snake:1)
  3 naga sharpshooters (Snake:1)
  A fire crab (shapeshifter) (D:14)
  2 deep trolls (Orc:2)
  4 naga ritualists (Snake:1)
  Pikel (D:5)
  2 orc knights
  2 deep elf pyromancers (D:14)
  A lindwurm (Lair:6)
  An ugly thing (D:13)
  3 cyclopes
  8 mana vipers (Snake:1)
  An oklob plant (Lair:6)
  An orc sorcerer (Orc:1)
  12 elephants (Lair:2)
  2 salamanders (Snake:1)
  19 black mambas
  16 cane toads
  3 torpor snails
  3 naga magi (Snake:1)
  A gargoyle (D:11)
  6 rime drakes
  13 komodo dragons
  2 kobold demonologists (D:12)
  An unseen horror (D:11)
  12 trolls
  8 polar bears
  6 hornets
  Prince Ribbit (D:5)
  14 blink frogs
  8 dream sheep
  8 slime creatures
  12 spriggans (Lair:6)
  3 wraiths
  A vampire (D:11)
  8 wyverns
  2 shadows
  A hog (Lair:6)
  51 yaks
  4 basilisks
  A hog (shapeshifter) (D:14)
  3 vampire mosquitoes (D:14)
  A steam dragon (D:8)
  11 nagas
  Duvessa (D:6)
  16 water moccasins
  26 orc warriors
  5 black bears
  2 ice beasts (D:8)
  4 boggarts (Lair:6)
  28 wolves
  5 centaurs
  20 ogres
  A lemure (D:5)
  A kobold brigand (D:12)
  21 bullfrogs
  2 elf zombies (Ossuary)
  A wyvern zombie (D:8)
  4 scorpions
  10 gnoll sergeants
  Dowan (D:6)
  A killer bee (D:8)
  5 wights (D:8)
  A howler monkey (D:11)
  9 electric eels
  11 centaur zombies
  14 orc priests
  A bullfrog zombie (D:5)
  A jelly (D:5)
  3 centaur skeletons
  Crazy Yiuf (D:6)
  7 gnoll shamans
  5 hounds
  4 human zombies (Ossuary)
  Jessica (D:2)
  4 iguanas
  Natasha (D:2)
  30 orc wizards
  4 mummies
  3 howler monkey zombies
  21 gnolls
  2 howler monkey skeletons
  4 adders
  3 white imps
  An ufetubus (D:4)
  3 worms
  3 dart slugs
  94 orcs
  5 bats
  7 endoplasms
  A giant cockroach (D:2)
  8 goblins
  7 hobgoblins
  5 jackals
  10 kobolds
  3 quokkas
  3 ball pythons
  2 frilled lizards
  2 rats (D:3)
749 creatures vanquished.

Vanquished Creatures (collateral kills)
  A hydra (Lair:1)
  A boulder beetle (D:14)
  A skeletal warrior (D:14)
  A fire crab (Lair:6)
  A mana viper (Snake:1)
  A salamander (Snake:1)
  3 black mambas (Snake:1)
  A cane toad (Lair:1)
  A komodo dragon (Lair:1)
  A freezing wraith (D:14)
  A centaur simulacrum (D:14)
  An orc priest (D:10)
  An orc (D:10)
15 creatures vanquished.

Vanquished Creatures (others)
  3 humans (Lair:6)
  A naga (Lair:4)
  A boggart (Lair:6)
  An orc (Orc:2)
  A bush (Lair:2)
  70 fungi
  111 plants
188 creatures vanquished.

Grand Total: 952 creatures vanquished

Notes
Turn   | Place    | Note
-------+----------+-------------------------------------------
     0 | D:1      | sizableburger the Mummy Fighter began the quest for the
                  | Orb.
     0 | D:1      | Reached XP level 1. HP: 18/18 MP: 1/1
   416 | D:1      | Reached XP level 2. HP: 23/24 MP: 2/2
  1301 | D:2      | Reached skill level 2 in Polearms
  1339 | D:2      | Reached XP level 3. HP: 29/29 MP: 3/3
  1570 | D:2      | Noticed Jessica
  1575 | D:2      | Killed Jessica
  1576 | D:2      | Reached XP level 4. HP: 32/36 MP: 4/4
  1802 | D:2      | Noticed Natasha
  1808 | D:2      | Killed Natasha
  1826 | D:2      | Found a faded altar of an unknown god.
  1840 | D:2      | Found a faded altar of an unknown god.
  1917 | D:2      | Became a worshipper of Makhleb the Destroyer
  1917 | D:2      | Reached * piety under Makhleb
  2265 | D:3      | Upgraded the game from 0.27-a0-1525-g1038ab4fd7 to
                  | 0.27-a0-1529-g1e82c303ef
  2938 | D:3      | Reached XP level 5. HP: 38/42 MP: 5/5
  3466 | D:4      | Noticed an ogre
  3898 | D:4      | Killed an ogre
  3899 | D:4      | Reached skill level 3 in Polearms
  3899 | D:4      | Reached XP level 6. HP: 22/49 MP: 6/6
  4258 | D:4      | Reached ** piety under Makhleb
  4527 | D:5      | Entered Level 5 of the Dungeon
  4528 | D:5      | Upgraded the game from 0.27-a0-1529-g1e82c303ef to
                  | 0.27-a0-1591-gc56fcc985a
  4556 | D:5      | Noticed Prince Ribbit
  4914 | D:5      | Found a sand-covered staircase.
  4920 | Ossuary  | Entered an ossuary
  5010 | Ossuary  | Reached XP level 7. HP: 47/55 MP: 7/7
  5191 | Ossuary  | Identified a scroll of acquirement
  5207 | Ossuary  | Acquired a +4 ring of protection
  5222 | Ossuary  | Reached skill level 5 in Fighting
  5275 | Ossuary  | Reached skill level 4 in Polearms
  5421 | D:5      | Reached XP level 8. HP: 54/63 MP: 8/8
  5586 | D:5      | Reached skill level 5 in Shields
  5737 | D:5      | Noticed Pikel
  5758 | D:5      | Killed Pikel
  5759 | D:5      | Reached skill level 5 in Polearms
  5775 | D:5      | Killed Prince Ribbit
  5776 | D:5      | Reached skill level 6 in Polearms
  5916 | D:5      | Identified the +3 dagger "Rarual" {vorpal, rPois rF+++
                  | Will- Str-4 Stlth+}
  5983 | D:5      | Reached XP level 9. HP: 68/68 MP: 9/9
  6387 | D:6      | Found a stormy altar of Qazlal.
  6516 | D:6      | Identified the +2 helmet "Oveim" {rC+ Str-4 Int+3 Dex+3}
  6631 | D:6      | Found a runed translucent door.
  6632 | D:6      | Noticed Crazy Yiuf
  7115 | D:6      | Noticed Duvessa
  7115 | D:6      | Noticed Dowan
  7129 | D:6      | Killed Duvessa
  7135 | D:6      | Killed Dowan
  7135 | D:6      | Reached *** piety under Makhleb
  7631 | D:6      | Killed Crazy Yiuf
  7859 | D:7      | Reached skill level 7 in Polearms
  7921 | D:7      | Found a staircase to the Ecumenical Temple.
  7981 | D:7      | Found an ancient bone altar of Kikubaaqudgha.
  8209 | D:6      | Reached skill level 5 in Armour
  8607 | D:7      | Reached skill level 1 in Invocations
  8607 | D:7      | Reached XP level 10. HP: 25/74 MP: 10/10
  9266 | D:8      | Found an iron altar of Okawaru.
  9372 | D:8      | Reached skill level 8 in Polearms
  9807 | D:8      | Got the Handbook of the Farrier
  9954 | D:8      | Found a broken altar of Ashenzari.
 10029 | D:8      | Found an opulent altar of Gozag.
 10031 | D:8      | Found a bloodstained altar of Trog.
 10032 | D:8      | Found a shimmering altar of Xom.
 10034 | D:8      | Found a hide-covered altar of Uskayaw.
 10456 | D:9      | Reached **** piety under Makhleb
 10733 | D:9      | Reached skill level 1 in Necromancy
 11039 | D:10     | Entered Level 10 of the Dungeon
 11153 | D:10     | Reached skill level 9 in Polearms
 11193 | D:10     | Reached XP level 11. HP: 68/80 MP: 14/14
 11271 | D:10     | Reached skill level 5 in Invocations
 11280 | D:10     | Found a staircase to the Lair.
 11755 | D:10     | Found a hazy altar of Hepliaklqana.
 11938 | D:10     | Noticed a two-headed ogre
 11952 | D:10     | Killed a two-headed ogre
 12014 | D:10     | Found a shimmering blue altar of Sif Muna.
 12507 | Lair:1   | Entered Level 1 of the Lair of Beasts
 12513 | Lair:1   | Learned a level 3 spell: Vampiric Draining
 12726 | Lair:1   | Reached skill level 1 in Fire Magic
 13152 | Lair:1   | Reached skill level 5 in Necromancy
 13228 | Lair:1   | Noticed an eight-headed hydra
 13829 | Lair:1   | Noticed a five-headed hydra
 13845 | Lair:1   | Killed a five-headed hydra
 14285 | Lair:1   | Killed an eight-headed hydra
 14286 | Lair:1   | Reached skill level 10 in Polearms
 14822 | Lair:2   | Reached XP level 12. HP: 89/89 MP: 16/16
 15077 | Lair:2   | Noticed a five-headed hydra
 15094 | Lair:2   | Killed a five-headed hydra
 15317 | Lair:2   | Found a staircase to the Shoals.
 16143 | Lair:3   | Reached skill level 1 in Spellcasting
 16508 | Lair:3   | Reached skill level 11 in Polearms
 16520 | Lair:3   | Reached ***** piety under Makhleb
 16874 | Lair:3   | Gained mutation: You are in touch with the powers of death.
                  | [Mummy growth]
 16874 | Lair:3   | Reached XP level 13. HP: 101/101 MP: 19/19
 17208 | Lair:4   | Reached skill level 5 in Spellcasting
 17569 | Lair:4   | Found a staircase to the Snake Pit.
 17761 | Lair:4   | Found a shimmering blue altar of Sif Muna.
 17970 | Lair:4   | Reached skill level 10 in Fighting
 18532 | Lair:4   | Upgraded the game from 0.27-a0-1591-gc56fcc985a to
                  | 0.27-a0-1595-g0b823d0a13
 18794 | Lair:5   | Found a staircase to the Slime Pits.
 18851 | Lair:5   | Reached skill level 12 in Polearms
 18944 | Lair:5   | Found a viscous altar of Jiyva.
 19652 | Lair:6   | Entered Level 6 of the Lair of Beasts
 19846 | Lair:6   | Reached skill level 1 in Evocations
 19986 | Lair:6   | Reached XP level 14. HP: 111/111 MP: 26/26
 20383 | Lair:6   | Noticed Kirke
 20414 | Lair:6   | Killed Kirke
 20611 | Lair:6   | Reached ****** piety under Makhleb
 20818 | Lair:6   | Reached skill level 10 in Spellcasting
 22080 | Lair:6   | Reached skill level 5 in Evocations
 22207 | Lair:6   | Reached skill level 13 in Polearms
 22229 | Lair:6   | Identified the +0 leather armour "Evvepp" {Rampage Str+3}
 22544 | D:11     | Found a staircase to the Orcish Mines.
 22679 | D:11     | Identified the +0 robe of Howotwak {rN++}
 23402 | Orc:1    | Entered Level 1 of the Orcish Mines
 23457 | Orc:1    | Found Tiuntaig's Jewellery Boutique.
 23493 | Orc:1    | Bought a ring of wizardry for 330 gold pieces
 23566 | Orc:1    | Found a flagged portal.
 23571 | Bailey   | Entered a bailey
 23889 | Bailey   | Identified the +0 ring mail "Evamoub" {Int+2 Dex+3}
 24455 | Orc:2    | Entered Level 2 of the Orcish Mines
 24504 | Orc:2    | Found a staircase to the Elven Halls.
 24567 | Orc:2    | Reached skill level 1 in Bows
 24571 | Orc:2    | Reached XP level 15. HP: 96/117 MP: 29/29
 24594 | Orc:1    | Learned a level 5 spell: Borgnjor's Vile Clutch
 24671 | Orc:2    | Reached skill level 1 in Earth Magic
 24699 | Orc:2    | Found Ygoumm's Book Emporium.
 24711 | Orc:2    | Found Kimog's Assorted Antiques.
 24926 | Orc:2    | Found Enigicol's Magic Scroll Shop.
 24928 | Orc:2    | Bought a book of Death for 440 gold pieces
 24933 | Orc:2    | Learned a level 4 spell: Animate Dead
 24940 | Orc:2    | Found Beczeis's Magic Scroll Shoppe.
 25969 | D:12     | You fall into a shaft and drop 2 floors!
 27779 | Snake:1  | Entered Level 1 of the Snake Pit
 27866 | Snake:1  | Found Doschuec's Antique Armour Shoppe.
 28904 | Snake:1  | Reached skill level 1 in Dodging
 29283 | Snake:1  | Reached skill level 14 in Polearms
 29284 | Snake:1  | Reached XP level 16. HP: 109/124 MP: 20/32
 29590 | Snake:1  | Reached skill level 5 in Earth Magic
 30060 | Orc:1    | Bought the ring "Koasad" {rF+ Str+4} for 444 gold pieces
 30266 | Snake:2  | Slain by a salamander

Illustrated notes

Levels and vault maps discovered:
D:1:      mrwooster_arrival_statue_3, layout_basic, minmay_misc_feat_five,
          chequers_serial_rivers_room_b, hangedman_abyss_or_decor_stabs,
          corner_web_ring, dk_noncrumbling_2, st_stairs_13
D:2:      layout_rooms, hellmonk_ecumenical_altar_the_god_not_taken,
          corexii_hall_statues_s, kennysheep_small_spiral, uniq_natasha,
          uniq_jessica
D:3:      layout_loops_ring, kennysheep_generic_room_6
D:4:      layout_loops_corners, chequers_jeans
D:5:      layout_loops_ring, gup_ossuary_entry_pyramid, minmay_manual_mess,
          uniq_prince_ribbit1, uniq_pikel
D:6:      layout_cave_pods, nicolae_qazlal_general_emergency, uniq_duvessa,
          uniq_crazy_yiuf_cottage
D:7:      layout_gridville, lemuel_doored_altar, minmay_temple_entry_waves,
          minivault_25
D:8:      layout_basic, minitemple, okawaru_gym_becter,
          ebering_dispersal_statue_hall, minmay_misc_feat_roman,
          minmay_ruined_shrine
D:9:      layout_loops_ring, minmay_holes
D:10:     layout_irregular_city, nicolae_hepliaklqana_hippocampus,
          mainiacjoe_overflow_brackets, due_lair_maze_entry_diamond
D:11:     layout_stronghold, david_orc_2, serial_bayou_lagoon_b
D:12:     layout_loops_corners, gauntlet_entry_generic
D:13:     layout_stronghold
D:14:     layout_stronghold, skrybe_vaults_entry_preservation, minivault_14,
          trove_entry_hex_spiral, lightli_fourway_metalbox
Lair:1:   layout_roguey, bh_autumn_forest_stairs, serial_bayou_pond_b
Lair:2:   layout_cave_pods, elwin_shoals_entry_rocks, serial_bayou_crossing
Lair:3:   nzn_winding_woodlands_large [nzn_winding_woodlands_hourglass,
          nzn_winding_woodlands_5x15_lazy_stream,
          nzn_winding_woodlands_5x5_checkerboard,
          nzn_winding_woodlands_center_pierced_h,
          nzn_winding_woodlands_15x15_eel_pit,
          nzn_winding_woodlands_center_diamonds,
          nzn_winding_woodlands_5x5_perimeter, nzn_winding_woodlands_5x15_pool,
          nzn_winding_woodlands_5x5_closed_star], layout_cave_pods,
          serial_bayou_pond_c
Lair:4:   layout_layer_cave, guppyfry_snake_entry_garden, basic_altar,
          infiniplex_staircase_pool, grunt_megastairs_4
Lair:5:   layout_small_grid, slime_altar_1
Lair:6:   minmay_lair_end_enchanted_forest, layout_gridlike,
          minmay_shattered_shrine, uniq_kirke
Snake:1:  layout_layer_cave, serial_shops, shop
Snake:2:  layout_honeycomb, gammafunk_ghost_arena, hangedman_venom_bottle,
          uniq_aizul, uniq_vashnia
Orc:1:    layout_caves, serial_shops, shop, enter_bailey_3
Orc:2:    st_orc_open, layout_diamond_mine, special_room, basic_altar

Skill      XL: |  1  2  3  4  5  6  7  8  9 10 11 12 13 14 15 16 |
---------------+-------------------------------------------------+-----
Polearms       | 2 3 4 6 7 9 10 11 12 13 14 | 14.1
Armour         | 3 4 5 6 8 |  8.0
Shields        | 3 4 6 7 |  7.1
Fighting       | 4 5 6 9 10 | 10.8
Invocations    | 1 4 6 |  6.0
Necromancy     | 3 6 8 9 |  9.5
Fire Magic     | 4 |  4.1
Spellcasting   | 4 8 10 12 | 12.3
Evocations     | 1 5 |  5.6
Bows           | 1 |  1.2
Earth Magic    | 4 5 |  5.1
Dodging        | 1 2 |  2.3
Throwing       | |  0.7

Action                   |  1- 3 |  4- 6 |  7- 9 | 10-12 | 13-15 | 16-18 || total
-------------------------+-------+-------+-------+-------+-------+-------++-------
Melee: Trident           |    76 |   179 |   416 |   873 |  1317 |       ||  2861
       Halberd           |       |       |       |       |   718 |    74 ||   792
       Glaive            |       |       |       |       |    11 |       ||    11
Throw: Javelin           |       |       |     1 |     1 |     1 |       ||     3
 Cast: Vampiric Draining |       |       |       |       |     2 |       ||     2
Invok: Lesser Servant of |       |       |       |     5 |     8 |     2 ||    15
       Minor Destruction |       |       |       |     2 |     8 |       ||    10
       Major Destruction |       |       |       |       |     3 |       ||     3
Evoke: Wand              |       |       |     1 |     5 |    12 |       ||    18
       Box of beasts     |       |       |       |     1 |     3 |       ||     4
  Use: Scroll            |       |     5 |     9 |     8 |    23 |       ||    45
 Stab: Paralysed         |       |       |       |       |     8 |       ||     8
       Distracted        |       |       |       |       |     1 |       ||     1
Armor: Scale mail        |    37 |    69 |    81 |       |       |       ||   187
       Storm dragon scal |       |       |   128 |   499 |  1685 |    54 ||  2366
Dodge: Dodged            |    14 |    42 |    85 |   148 |   594 |    21 ||   904
Block: Kite shield       |    43 |    73 |   210 |   411 |   754 |       ||  1491

Table legend: (Time is in decaauts)
 A = Elapsed time spent in this place.
 B = Non-inter-level travel time spent in this place.
 C = Inter-level travel time spent in this place.
 D = Time resting spent in this place.
 E = Time spent auto-exploring this place.
 F = Levels seen in this place.
 G = Mean time per level.
                   A        B        C        D        E       F      G
               +--------+--------+--------+--------+--------+-----+--------+
         Total |  30196 |  27881 |   2315 |   6278 |  14871 |  26 | 1161.4 |
       Dungeon |  15320 |  14215 |   1105 |   2755 |   8598 |  14 | 1094.3 |
          Lair |  10358 |   9566 |    792 |   2516 |   4780 |   6 | 1726.3 |
     Snake Pit |   1992 |   1935 |     57 |    714 |    679 |   2 |  996.0 |
  Orcish Mines |   1693 |   1333 |    360 |    105 |    617 |   2 |  846.5 |
       Ossuary |    448 |    448 |      0 |    188 |     69 |   1 |  448.0 |
        Bailey |    383 |    383 |      0 |      0 |    127 |   1 |  383.0 |
               +--------+--------+--------+--------+--------+-----+--------+

Top non-repeatable levels by time:
  Lair:1: 2535 daAuts
  Lair:6: 2303 daAuts
 Snake:1: 1909 daAuts
     D:4: 1798 daAuts
  Lair:4: 1785 daAuts
    D:10: 1543 daAuts
     D:6: 1469 daAuts
     D:7: 1392 daAuts
  Lair:3: 1290 daAuts
     D:1: 1240 daAuts
  Lair:2: 1229 daAuts
     D:5: 1225 daAuts
  Lair:5: 1214 daAuts
     D:8: 1065 daAuts
     D:3: 1064 daAuts
